 Dungeon Crawl Stone Soup version 0.25-a0-413-g3b4b6a4ccc (webtiles) character file.

Game seed: 4637299939324091788, levelgen mode: deterministic

0 MrRokkomies the Ducker (level 1, -1/11 HPs)
             Began as a Spriggan Abyssal Knight on Jan 17, 2020.
             Was a Follower of Lugonu.
             Slain by a sixfirhy (12 damage)
             ... on level 3 of the Abyss.
             The game lasted 00:01:14 (323 turns).

MrRokkomies the Ducker (Spriggan Abyssal Knight)     Turns: 323, Time: 00:01:15

Health: -1/11      AC:  3    Str:  8    XL:     1   Next: 0%
Magic:  3/3        EV: 18    Int: 17    God:    Lugonu [*.....]
Gold:   94         SH:  0    Dex: 15    Spells: 0/0 levels left

rFire    . . .     SeeInvis +   a - +1 short sword
rCold    . . .     Gourm    .   (shield restricted)
rNeg     . . .     Faith    .   f - +1 robe of Cowardice {rElec Int+4}
rPois    .         Spirit   .   (helmet restricted)
rElec    +         Reflect  .   (no cloak)
rCorr    .         Harm     .   (gloves unavailable)
MR       .....                  (boots unavailable)
Stlth    +.........             (no amulet)
HPRegen  0.03/turn              (no ring)
MPRegen  0.08/turn              (no ring)

@: very quick
A: very small, unfitting armour, see invisible, herbivore, speed 3, slow
metabolism 2
a: Depart the Abyss, Renounce Religion


You were on level 3 of the Abyss.
You worshipped Lugonu.
Lugonu was aware of your devotion.
You were not hungry.

You visited 0 branches of the dungeon, and saw 0 of its levels.
You visited the Abyss 1 time.

You collected 94 gold pieces.

Inventory:

Hand Weapons
 a - a +1 short sword (weapon)
Missiles
 e - 7 poisoned darts (quivered)
Armour
 b - a +0 robe
 f - the +1 robe of Cowardice (worn) {rElec Int+4}
   (You found it on level 2 of the Abyss)

   It affects your intelligence (+4).
   It insulates you from electricity.
Scrolls
 d - 2 scrolls of teleportation {unknown}
Comestibles
 c - 2 rations


   Skills:
 + Level 2.4 Fighting
 + Level 2.1 Short Blades
 + Level 3.5 Dodging
 + Level 1.7 Invocations


You couldn't memorise any spells.
You didn't know any spells.
Your spell library was empty.

Dungeon Overview and Level Annotations

Branches:
Dungeon (0/15)

Altars:


Innate Abilities, Weirdness & Mutations

You are very small and have problems with some larger weapons.
You are too small for most types of armour.
You have supernaturally acute eyesight. (SInv)
You are a herbivore.
You cover ground extremely quickly.
You need to consume almost no food.


Message History

The rakshasa blinks!
There is a gateway leading deeper into the Abyss here.
You plunge deeper into the Abyss.
The abyssal rune of Zot can be found at this depth.
Found a ration.
You start removing your armour.
You continue taking off your +0 robe. x4
You finish taking off your +0 robe.
You start putting on your armour.
You continue putting on your silken robe. x5
You finish putting on the +1 robe of Cowardice {rElec Int+4}.
You feel clever.
Found a runed chain mail.
c - 2 rations (gained 1)
An efreet comes into view.
It is wielding a +1 scimitar of flaming.
An apocalypse crab comes into view.
A sixfirhy comes into view.
Found 10 stones.
The sixfirhy hits you!
Ouch! That really hurt!
You die...

#...# .##.
#. .##
.... # ..#
(.#.
#..##..#..
##.......#
#........#
#..#....#.
#.#..####
#@####
#.3#...#
#.# .##..#
... .# #
... .#
##.# #. .#
. ## .


You could see a sixfirhy.

Vanquished Creatures (others)
  2 starspawn tentacles (Abyss:2)
2 creatures vanquished.

Notes
Turn   | Place    | Note
-------+----------+-------------------------------------------
     0 | Abyss:1  | MrRokkomies the Spriggan Abyssal Knight began the quest for
                  | the Orb.
     0 | Abyss:1  | Reached XP level 1. HP: 11/11 MP: 3/3
   103 | Abyss:1  | Noticed a rakshasa
   165 | Abyss:2  | Noticed an iron imp
   178 | Abyss:2  | Noticed a tentacled starspawn
   178 | Abyss:2  | Noticed a large abomination
   187 | Abyss:2  | Noticed a thrashing horror
   215 | Abyss:2  | Noticed a small abomination
   220 | Abyss:2  | Got a silken robe
   237 | Abyss:2  | Noticed a raiju
   239 | Abyss:2  | Noticed a large abomination
   256 | Abyss:2  | Noticed a rakshasa
   273 | Abyss:3  | Identified the +1 robe of Cowardice {rElec Int+4} (You
                  | found it on level 2 of the Abyss)
   297 | Abyss:3  | Noticed an efreet
   304 | Abyss:3  | Noticed an apocalypse crab
   322 | Abyss:3  | Noticed a sixfirhy
   323 | Abyss:3  | Slain by a sixfirhy

Levels and vault maps discovered:
Abyss:3:  evilmike_abyss_exit_glass, evilmike_abyss_exit_plants,
          evilmike_abyss_exit_2, hangedman_stitches_earthworm,
          nicolae_abyss_rune_left_handed

Table legend:
 A = Non-vault XP
 B = Vault XP
 C = Vault XP percentage of total XP
 D = Non-vault monster count
 E = Vault monster count
 F = Vault count percentage of total count
                 A         B        C        D         E       F
            +---------+---------+-------+---------+---------+-------
      Total |       0 |       0 |   N/A |       0 |       0 |  -nan
            +---------+---------+-------+---------+---------+-------
            +---------+---------+-------+---------+---------+-------
